 Dungeon Crawl Stone Soup version 0.28.0 (webtiles) character file.

Game seed: 5913396097004299269

105 Sanktem7 the Skirmisher (level 4, -1/38 (41) HPs)
             Began as a Minotaur Fighter on Feb 18, 2022.
             Slain by a wight (3 damage)
             ... on level 6 of the Dungeon.
             The game lasted 00:03:32 (2589 turns).

Sanktem7 the Skirmisher (Minotaur Fighter)          Turns: 2589, Time: 00:03:33

HP:   -1/38 (41)    AC: 10    Str: 23    XL:     4   Next: 54%
MP:   3/3           EV:  7    Int:  5    God:
Gold: 86            SH:  4    Dex:  9    Spells: 3/3 levels left

rFire   . . .      SeeInvis .   a - +0 war axe
rCold   . . .      Faith    .   c - +0 buckler
rNeg    . . .      Spirit   .   q - +0 chain mail
rPois   +          Reflect  .   (helmet restricted)
rElec   .          Harm     .   h - +0 cloak
rCorr   .          Rampage  .   (no gloves)
Will    .....                   (no boots)
Stlth   ..........              (no amulet)
HPRegen 0.12/turn               p - ring of poison resistance
MPRegen 0.08/turn               (no ring)

@: drained
A: horns 2, retaliatory headbutt
a: no special abilities


You were on level 6 of the Dungeon.
You visited 1 branch of the dungeon, and saw 4 of its levels.

You collected 86 gold pieces.

Inventory:

Hand Weapons
 a - a +0 war axe (weapon)
Armour
 c - a +0 buckler (worn)
 h - a +0 cloak (worn)
 q - a +0 chain mail (worn)
Jewellery
 p - a ring of poison resistance (left hand)
Scrolls
 e - a scroll of summoning {unknown}
 f - a scroll of teleportation {unknown}
 k - a scroll of fog {unknown}
 l - a scroll of blinking {unknown}
 n - a scroll of acquirement {unknown}
Potions
 b - 2 potions of attraction {unknown}
 d - a potion of might
 g - a potion of flight {unknown}
 i - a potion of heal wounds
 j - 2 potions of haste {unknown}
 m - a potion of brilliance {unknown}
 o - a potion of mutation {unknown}


   Skills:
 * Level 4.9 Fighting
 * Level 3.8 Axes
 + Level 4.7 Armour
 - Level 3.6 Shields


You had 3 spell levels left.
You didn't know any spells.
Your spell library contained the following spells:

 Spells                   Type           Power      Damage    Failure   Level
 Summon Lightning Spire   Summ/Air       0%         N/A       100%        4
 Storm Form               Tmut/Air       0%         N/A       100%        7
 Maxwell's Capacitive Co  Air            0%         ∞         100%        8


Dungeon Overview and Level Annotations

Branches:
Dungeon (3/15)

Altars:


Innate Abilities, Weirdness & Mutations

You have a pair of horns on your head.
You reflexively headbutt those who attack you in melee.


Message History

You are no longer corroded.
There is a stone staircase leading down here.
The howler monkey hoots and howls with incredible vigour!
There is an open door here.
The gnoll shaman calls upon its god to speed up the gnoll.
The gnoll seems to speed up.
The gnoll hits you but does no damage.
You slash the gnoll!
The gnoll is heavily wounded.
You block the gnoll's attack. The gnoll hits you but does no damage.
You slash the gnoll!
You kill the gnoll!
You hit the wight. The wight barely misses you.
You closely miss the gnoll shaman. You headbutt the gnoll shaman.
The gnoll shaman is moderately wounded.
You closely miss the wight. The wight barely misses you.
The gnoll shaman hits you with a +0 club.
* * * LOW HITPOINT WARNING * * *
The orc wizard gestures wildly while chanting.
The orc wizard flickers and vanishes!
Deactivating autopickup; reactivate with Ctrl-A.
The howler monkey hoots and howls with incredible vigour!
You hear a shout! x7
Something shouts, "Decamp, thou bumbling fat-kidneyed barnacle!"
Something shouts, "Run away, thou skyhacking spleeny dingleberry!"
You hear a shout!
An orc comes into view. It is wielding a +0 club.
The howler monkey hoots and howls with incredible vigour!
The wight hits you with a +1 morningstar of draining.
* * * LOW HITPOINT WARNING * * *
You feel drained.
* * * LOW HITPOINT WARNING * * *
You feel drained.
* * * LOW HITPOINT WARNING * * *
As you open the door, it creaks loudly!
You hear a shout!
The gnoll shaman hits you but does no damage.
The wight hits you with a +1 morningstar of draining.
* * * LOW HITPOINT WARNING * * *
You feel drained.
You die...

...........#'##....
o.
.######..g....#...
o #....o..#!.. .
#.......# #....h..#
#...5...##
#........#
#.gzg....##
#..@......#
##'######## ...
..... .......
+######


You could see a gnoll shaman, a howler monkey, a wight, 2 gnolls, a white imp
and an orc.

Vanquished Creatures
  A jelly (D:6)
  Jessica (D:2)
  A gnoll (D:6)
  An adder (D:3)
  A dart slug (D:3)
  2 ball pythons (D:1)
  2 bats (D:2)
  2 endoplasms
  2 giant cockroaches
  4 goblins
  3 hobgoblins
  2 kobolds (D:2)
  A quokka (D:1)
  A frilled lizard (D:3)
  2 rats
26 creatures vanquished.

Notes
Turn   | Place    | Note
-------+----------+-------------------------------------------
     0 | D:1      | Sanktem7 the Minotaur Fighter began the quest for the Orb.
     0 | D:1      | Reached XP level 1. HP: 19/19 MP: 0/0
    84 | D:1      | Found a faded altar of an unknown god.
  1155 | D:2      | Noticed Jessica
  1161 | D:2      | Reached XP level 2. HP: 27/27 MP: 1/1
  1167 | D:2      | Killed Jessica
  1168 | D:2      | Reached XP level 3. HP: 15/34 MP: 2/2
  2471 | D:3      | You fall into a shaft and drop 3 floors!
  2532 | D:6      | Reached XP level 4. HP: 16/41 MP: 3/3
  2589 | D:6      | Slain by a wight

Illustrated notes

Levels and vault maps discovered:
D:1:      noname_arrival_rooms_in_the_neighbourhood, layout_basic,
          serial_rivers, chequers_serial_rivers_large_a,
          chequers_serial_rivers_small_a, chequers_serial_rivers_large_b,
          chequers_serial_rivers_micro_a, chequers_serial_rivers_room_b,
          dreamdust_ecumenical_altar_grove, hangedman_decor_opposing
D:2:      layout_basic, uniq_jessica
D:3:      kennysheep_goblin_castle, layout_loops_cross,
          nemelex_spade_bored_becter
D:6:      gammafunk_wand_slinger, layout_gridville, grunt_potential

Skill      XL: |  1  2 |
---------------+-------+-----
Fighting       | 4 |  4.9
Axes           | 3 |  3.8
Armour         | 4 |  4.7
Shields        | |  3.6

Action                   |  1- 3 |  4- 6 || total
-------------------------+-------+-------++-------
Melee: War axe           |    74 |     4 ||    78
       Headbutt          |     6 |     1 ||     7
  Use: Scroll            |     2 |       ||     2
Armor: Scale mail        |    25 |       ||    25
       Chain mail        |    25 |     4 ||    29
Dodge: Dodged            |    36 |     3 ||    39
Block: Buckler           |    11 |     1 ||    12
